General information
- name: BNet
- type: Ladder 1vs1/FFA
- host: Battle.net
- saver: ZombieMachoMan
map: TerenasStand
- players: 2
- length: 37:09
- speed: Fast
- version: 1.26 W3XP
- replay type: Public
» download(111 KB)
Players
team 1 (loser)
brett-favre (
orange | 42 APM | 1567 actions | 37:09)
4 Death Knight
2 Death Coil
2 Unholy Aura
4 Lich
2 Frost Nova
2 Frost Armor
» actions
| Build / train | 72 | |
| Enter build submenu | 25 | |
| Enter hero's abilities submenu | 8 | |
| Give item / drop item | 4 | |
| Right click | 862 | |
| Select / deselect | 499 | |
| Use ability | 97 | |
1567 total
» units
| Acolyte | 18 | |
| Ghoul | 3 | |
| Crypt Fiend | 18 | |
| Frost Wyrm | 8 | |
47 total
» upgrades
| Creature Attack | 2 | |
| Web | 1 | |
| Freezing Breath | 1 | |
4 total
» buildings
| Graveyard | 1 | |
| Crypt | 1 | |
| Altar of Darkness | 1 | |
| Ziggurat | 9 | |
| Tomb of Relics | 1 | |
| Halls of the Dead | 1 | |
| Black Citadel | 1 | |
| Sacrificial Pit | 2 | |
| Boneyard | 3 | |
| Slaughterhouse | 1 | |
21 total
» build order
00:12 Graveyard
00:18 Crypt
00:44 Altar of Darkness
00:58 Ziggurat
01:19 Tomb of Relics
01:54 Ziggurat
03:26 Ziggurat
03:59 Halls of the Dead
05:06 Ziggurat
07:44 Black Citadel
09:25 Sacrificial Pit
11:39 Sacrificial Pit
12:33 Boneyard
13:14 Boneyard
13:19 Boneyard
14:35 Ziggurat
14:36 Ziggurat
15:57 Ziggurat
15:59 Ziggurat
16:04 Ziggurat
32:49 Slaughterhouse
» items
| Rod of Necromancy | 2 | |
| Orb of Corruption | 1 | |
| Potion of Healing | 6 | |
9 total
team 2 (winner)
ZombieMachoMan (
purple | 72 APM | 2667 actions | 37:09)
6 Paladin
2 Holy Light
3 Divine Shield
1 Resurrection
3 Mountain King
2 Storm Bolt
1 Bash
» actions
| Assign group hotkey | 47 | |
| Basic commands | 105 | |
| Build / train | 135 | |
| ESC pressed | 2 | |
| Enter build submenu | 46 | |
| Enter hero's abilities submenu | 9 | |
| Give item / drop item | 19 | |
| Right click | 1101 | |
| Select / deselect | 651 | |
| Select group hotkey | 241 | |
| Use ability | 311 | |
2667 total
» units
| Peasant | 21 | |
| Footman | 14 | |
| Goblin Shredder | 2 | |
| Dragonhawk Rider | 8 | |
| Gryphon Rider | 1 | |
| Sorceress | 2 | |
48 total
» upgrades
| Defend | 1 | |
| Masonry | 3 | |
| Animal War Training | 1 | |
| Magic Sentry | 1 | |
| Sorceress Training | 2 | |
| Armor | 3 | |
| Cloud | 1 | |
| Swords | 1 | |
13 total
» buildings
| Altar of Kings | 1 | |
| Barracks | 1 | |
| Farm | 10 | |
| Scout Tower | 34 | |
| Arcane Tower | 6 | |
| Arcane Vault | 2 | |
| Lumber Mill | 1 | |
| Town Hall | 3 | |
| Guard Tower | 10 | |
| Keep | 1 | |
| Blacksmith | 2 | |
| Castle | 1 | |
| Gryphon Aviary | 3 | |
| Arcane Sanctum | 1 | |
76 total
» build order
00:06 Altar of Kings
00:10 Barracks
00:29 Farm
01:02 Farm
01:45 Scout Tower
02:13 Farm
02:19 Arcane Tower
03:28 Farm
04:21 Scout Tower
04:22 Scout Tower
04:42 Scout Tower
04:43 Arcane Vault
04:57 Arcane Tower
05:00 Lumber Mill
05:19 Arcane Vault
05:50 Town Hall
05:51 Guard Tower
06:08 Guard Tower
06:57 Town Hall
09:11 Keep
09:21 Scout Tower
09:22 Scout Tower
09:24 Scout Tower
09:36 Scout Tower
09:37 Scout Tower
09:37 Scout Tower
09:38 Scout Tower
09:39 Scout Tower
09:39 Scout Tower
09:54 Guard Tower
10:07 Farm
10:17 Guard Tower
10:22 Farm
10:56 Guard Tower
10:58 Farm
11:00 Blacksmith
11:36 Castle
11:39 Gryphon Aviary
12:20 Scout Tower
12:38 Gryphon Aviary
12:57 Arcane Tower
13:21 Gryphon Aviary
13:36 Farm
13:36 Farm
13:37 Farm
13:50 Arcane Sanctum
14:09 Scout Tower
14:11 Scout Tower
16:54 Guard Tower
20:18 Scout Tower
20:41 Scout Tower
20:42 Scout Tower
20:43 Scout Tower
21:02 Guard Tower
21:24 Arcane Tower
21:26 Scout Tower
22:14 Guard Tower
25:20 Scout Tower
25:22 Scout Tower
25:23 Scout Tower
25:24 Scout Tower
25:25 Scout Tower
25:25 Scout Tower
25:53 Guard Tower
25:56 Town Hall
25:57 Arcane Tower
26:17 Scout Tower
26:17 Scout Tower
26:17 Scout Tower
26:47 Guard Tower
35:39 Blacksmith
36:04 Scout Tower
36:05 Scout Tower
36:07 Scout Tower
36:08 Scout Tower
» items
| Boots of Speed | 1 | |
| Staff of Teleportation | 1 | |
| Scroll of Regeneration | 7 | |
| Lesser Clarity Potion | 11 | |
| Potion of Invisibility | 6 | |
| Periapt of Vitality | 1 | |
| Potion of Mana | 6 | |
| Scroll of Town Portal | 2 | |
| Staff of Sanctuary | 1 | |
| Orb of Fire | 2 | |
| Potion of Healing | 5 | |
43 total
Chat log
(12:51 / All) ZombieMachoMan: you need to hide your maphack better
(12:51 / All) ZombieMachoMan: lol
(16:22 / All) brett-favre: lol
(16:24 / All) brett-favre: and i maphack?
(16:27 / All) ZombieMachoMan: i scan
(16:32 / All) ZombieMachoMan: you react to invisible paladins
(16:43 / All) ZombieMachoMan: also, critters